 Dungeon Crawl Stone Soup version 0.31-a0-237-g2d982f9f85 (webtiles) character file.

Game seed: 6125223271938304193

23 qw the Shooter (level 2, 0/24 HPs)
             Began as a Minotaur Hexslinger on July 11, 2023.
             Killed from afar by Sigmund (6 damage)
             ... with a puff of flame
             ... on level 2 of the Dungeon.
             The game lasted 00:00:17 (1036 turns).

qw the Shooter (Minotaur Hexslinger)                Turns: 1036, Time: 00:00:17

Health: 0/24       AC:  7    Str: 12    XL:     2   Next: 72%
Magic:  2/2        EV: 10    Int: 10    God:
Gold:   58         SH:  0    Dex: 12    Spells: 2/3 levels left

rFire   . . .        Y - +1 sling
rCold   . . .        (no shield)
rNeg    + . .        d - +2 ring mail {rN+}
rPois   .            (helmet restricted)
rElec   .            (no cloak)
rCorr   .            (no gloves)
SInv    .            (no boots)
Will    .....        (no amulet) Stlth
                     (no ring)
HPRegen 0.24/turn    (no ring)
MPRegen 0.08/turn

%: no passive effects
@: confused
A: horns 2, retaliatory headbutt
a: no special abilities


You were on level 2 of the Dungeon.
You visited 1 branch of the dungeon, and saw 2 of its levels.

You collected 58 gold pieces.


Innate Abilities, Weirdness & Mutations

You have a pair of horns on your head.
You reflexively headbutt those who attack you in melee.


   Skills:
 - Level 2.0 Fighting
 + Level 3.3 Ranged Weapons
 - Level 2.1 Dodging
 - Level 1.0 Spellcasting
 - Level 2.0 Hexes


You had 2 spell levels left.
You knew the following spells:

 Your Spells              Type           Power      Damage    Failure   Level
a - Slow                  Hex            16%        N/A       34%         1

Your spell library contained the following spells:

 Spells                   Type           Power      Damage    Failure   Level
 Inner Flame              Hex/Fire       2%         N/A       83%         3
 Portal Projectile        Hex/Tloc       4%         N/A       83%         3
 Cause Fear               Hex            2%         N/A       98%         4

Inventory:

Hand Weapons
 Y - a +1 sling (weapon)
Armour
 d - a +2 ring mail of positive energy (worn)
Scrolls
 h - 2 scrolls of identify
Potions
 g - 2 potions of curing {unknown}
 i - a potion of resistance {unknown}
 j - a potion of mutation {unknown}

Dungeon Overview and Level Annotations

Branches:
Dungeon (2/15)

Altars:

Annotations:
D:2 Sigmund


Message History

You kill the ball python!
You now have 43 gold pieces (gained 9).
You now have 46 gold pieces (gained 3).
h - 2 scrolls of identify (gained 1)
A hobgoblin comes into view.
The hobgoblin shouts!
Enter note: You shoot a sling bullet.
The sling bullet hits the hobgoblin.
The hobgoblin is almost dead.
The hobgoblin misses you.
You shoot a sling bullet. The sling bullet hits the hobgoblin.
You kill the hobgoblin!
You now have 58 gold pieces (gained 12).
Found 2 stones.
Enter note: Sigmund the Dreaded comes into view.
He is wielding a +0 scythe and carrying a wand of flame (29).
Sigmund shouts!
Sigmund gestures at you while chanting. The puff of flame hits you!
Enter note: You shoot a sling bullet.
The sling bullet closely misses Sigmund.
Sigmund zaps a wand.
The puff of flame hits you.
You shoot a sling bullet. The sling bullet hits Sigmund.
Sigmund is lightly wounded.
You shoot a sling bullet. The sling bullet hits Sigmund.
Sigmund is moderately wounded.
You shoot a sling bullet. The sling bullet barely misses Sigmund.
You shoot a sling bullet. The sling bullet hits Sigmund.
Sigmund is heavily wounded.
Sigmund casts a spell at you. The magic dart hits you.
Sigmund casts a spell at you. The puff of flame hits you.
You shoot a sling bullet. The sling bullet hits Sigmund!
Sigmund is severely wounded.
Sigmund points at you and mumbles some strange words.
You are confused.
Sigmund zaps a wand.
The puff of flame hits you.
You die...

#......# #.#.# #......#
...(# #......# .#
#...####......# ...
#.............##### ..
#.#.# #........#..
#.#.#.#.# #......#...#
#.....#.####.........##
#..@...........##.#.
#=.#.####.......##..
#.@#.# ####..#...## #
#..#.# ######....#.# #
...#.#........#.##..
#####
......#........#.#..#
....#
#....###....^.........
###.# #+###
#.....:........ #.# ...
#..............


You could see Sigmund.

Vanquished Creatures
  A ball python (D:2)
  An endoplasm (D:1)
  3 goblins (D:1)
  2 hobgoblins
  5 jackals (D:1)
  A quokka (D:1)
  3 bats
  A frilled lizard (D:1)
  A kobold (D:1)
  A rat (D:1)
19 creatures vanquished.

Notes
Turn   | Place    | Note
-------+----------+-------------------------------------------
     0 | D:1      | qw the Minotaur Hexslinger began the quest for the Orb.
     0 | D:1      | Reached XP level 1. HP: 16/16 MP: 1/1
     0 | D:1      | 0 ||| qw: Version: 0.3-a-52-g30416fa
     0 | D:1      | 0 ||| qw: Game counter: 5455
     0 | D:1      | 0 ||| qw: Melee chars always use a shield: true
     0 | D:1      | 0 ||| qw: God list: Okawaru
     0 | D:1      | 0 ||| qw: Allow faded altars: false
     0 | D:1      | 0 ||| qw: Do Orc after clearing Dungeon:15 true
     0 | D:1      | 0 ||| qw: Do second Lair branch before Depths: true
     0 | D:1      | 0 ||| qw: Lair rune preference: random
     0 | D:1      | 0 ||| qw: Goals: Normal
     0 | D:1      | 0 ||| PLANNING D:1-11
    52 | D:1      | Reached skill level 3 in Ranged Weapons
    85 | D:1      | Reached XP level 2. HP: 23/23 MP: 2/2
   793 | D:1      | 793 ||| UPGRADING to +2 ring mail of positive energy.
   803 | D:1      | 803 ||| DROPPING +0 robe.
   804 | D:1      | 804 ||| READING scroll labelled TYUNUPIUGO.
   805 | D:1      | 805 ||| READING scroll labelled YDWIRU DOUXIX.
   906 | D:1      | 906 ||| READING 2 scrolls labelled VEDGHOM LONINO.
   907 | D:1      | 907 ||| DROPPING scroll of poison.
  1028 | D:2      | Noticed Sigmund
  1033 | D:2      | HP: 5/24 [Sigmund/puff of flame (3)]
  1036 | D:2      | Killed from afar by Sigmund

Levels and vault maps discovered:
D:1:      saegor_arrival_simple_a, layout_rooms, serial_rivers,
          chequers_serial_rivers_large_a, chequers_serial_rivers_marsh,
          chequers_serial_rivers_micro_b, chequers_serial_rivers_large_b,
          chequers_serial_rivers_room_a
D:2:      layout_basic, hellmonk_ecumenical_altar_arch_garden, serial_glass,
          glass_columns_a, glass_columns_c, minmay_tetromino_s4, uniq_sigmund,
          uniq_crazy_yiuf_cottage, uniq_robin

Skill      XL: |  1  2 |
---------------+-------+-----
Ranged Weapons | 3 |  3.3
Fighting       | 2 |  2.0
Dodging        | |  2.1
Spellcasting   | |  1.0
Hexes          | |  2.0

Action                     || total
---------------------------++-------
   Fire: Sling             ||    57
    Use: Scroll            ||     3
 Armour: Robe              ||     3
  Dodge: Dodged            ||    16

Table legend:
 A = Non-vault XP
 B = Vault XP
 C = Vault XP percentage of total XP
 D = Non-vault monster count
 E = Vault monster count
 F = Vault count percentage of total count
                 A         B        C        D         E       F
            +---------+---------+-------+---------+---------+-------
      Total |      31 |       2 |   6.1 |      18 |       1 |   5.3
            +---------+---------+-------+---------+---------+-------
        D:1 |      27 |       0 |   0.0 |      16 |       0 |   0.0
        D:2 |       4 |       2 |  33.3 |       2 |       1 |  33.3
            +---------+---------+-------+---------+---------+-------
